 Dungeon Crawl Stone Soup version 0.30-a0-263-ge22c4ad894 (webtiles) character file.

Game seed: 15255817081438996023

353 spaghetti the Chopper (level 6, -10/47 HPs)
             Began as a Mummy Berserker on Oct 13, 2022.
             Was a Priest of Trog.
             Mangled by Edmund
             ... wielding a +6 flail of draining
              (14 damage)
             ... on level 4 of the Dungeon.
             The game lasted 00:04:49 (2772 turns).

spaghetti the Chopper (Mummy Berserker)             Turns: 2772, Time: 00:04:50

Health: -10/47     AC:  5    Str: 23    XL:     6   Next: 35%
Magic:  6/6        EV: 12    Int:  6    God:    Trog [***...]
Gold:   330        SH:  5    Dex: 11    Spells: 5/5 levels left

rFire   x . .      SeeInvis .    a - +0 hand axe {axe}
rCold   + . .      Faith    +    (no shield)
rNeg    + + +      Spirit   .    b - +0 animal skin
rPois   ∞          Reflect  +    (no helmet)
rElec   .          Harm     .    (no cloak)
rCorr   .          Rampage  .    i - +0 pair of gloves
Will    ++...                    h - +1 pair of boots
Stlth   +.........               f - amulet of reflection
HPRegen 1.27/turn                (no ring)
MPRegen 0.10/turn                (no ring)

@: strong-willed, regenerating
A: cold resistance 1, negative energy resistance 3, torment resistance 2, heat
vulnerability 1, in touch with death 1, no potions, faith
a: Renounce Religion, Trog's Hand


You were on level 4 of the Dungeon.
You worshipped Trog.
Trog was most pleased with you.
You visited 1 branch of the dungeon, and saw 4 of its levels.

You collected 330 gold pieces.


Innate Abilities, Weirdness & Mutations

You are immune to poison.
Your flesh is cold resistant. (rC+)
You are immune to negative energy. (rN+++)
You are immune to unholy pain and torment.
You are vulnerable to heat. (rF-)
You are in touch with the powers of death.
You do not drink.
You have a special connection with the divine. (Faith)


   Skills:
 - Level 3.0 Fighting
 + Level 6.0 Axes
 - Level 1.5 Armour
 - Level 1.5 Dodging


You had 5 spell levels left.
You didn't know any spells.
Your spell library contained the following spells:

 Spells                   Type           Power      Damage    Failure   Level
 Freeze                   Ice            0%         1d3       45%         1
 Frozen Ramparts          Ice            0%         1d1       83%         3
 Hailstorm                Conj/Ice       0%         3d3       83%         3

Inventory:

Hand Weapons
 a - a +0 hand axe (weapon) {axe}
 m - a +1 sling of flaming
   (You took it off a goblin on level 2 of the Dungeon)
Missiles
 j - 30 stones (quivered) {throwing}
 n - 2 poisoned darts {throwing}
Armour
 b - a +0 animal skin (worn)
 h - a +1 pair of boots (worn)
   (You found it on level 1 of the Dungeon)
 i - a +0 pair of gloves (worn)
   (You found it on level 3 of the Dungeon)
Magical Staves
 e - a staff of air {forbidden!astaff}
   (You found it on level 4 of the Dungeon)
Jewellery
 f - an amulet of reflection (around neck)
   (You found it on level 1 of the Dungeon)
 l - an amulet of magic regeneration {@e2}
   (You found it on level 2 of the Dungeon)
Wands
 g - a wand of polymorph (10)
   (You found it on level 3 of the Dungeon)
 o - a wand of digging (7)
   (You found it on level 4 of the Dungeon)
Scrolls
 c - 2 scrolls of identify {@r1}
 d - 3 scrolls of teleportation {@r4}
 k - a scroll of enchant armour

Dungeon Overview and Level Annotations

Branches:
Dungeon (4/15) Zot: 21207
 Temple: D:4-7

Altars:
Dithmenos
Gozag
Ru
Trog
Uskayaw

Shops:
D:4 =

Annotations:
D:3 1 exclusion
D:4 Edmund

............).......#...#.....#..
....................#...#.....#..
....................#...#.....#..
....................#'#########..
##################......##...##..
.................#......#.....#..
.................#......#.....#..
.....>...........@......'.....#..
................@#......#.....#^.
.................#......#..†..#..
.................#......#.....#..
.................#......#.....#..
###..#########.###......####'####
#### #.# #####........... ...
#........... ..... #...........
....... #...........


You could see Edmund.


Message History

Unknown command.
Unknown command.
You hit Edmund but do no damage. Edmund completely misses you. 😨 HP[+1]
You hit Edmund but do no damage. You block Edmund's attack. 😨 HP[+1]
You hit Edmund.
Your surroundings suddenly seem different. 😨 HP[+2]
You regained 2 hp, and now have 17/47 hp.
Unknown command.
You feel the effects of Trog's Hand fading.
Your skin stops crawling.
You feel less strong-willed.
Key pressed, stopping explore.
You now have 330 gold pieces (gained 14).
A goblin comes into view. It is wielding a +0 club.
The goblin shouts! 😎 HP[+30]
Your hp is fully restored (47).
A goblin is nearby!
A goblin is nearby!
A goblin is nearby!
The goblin hits you with a +0 club. 😕 HP[-1]
You take 1 damage, and now have 46/47 hp.
You slash the goblin!
You kill the goblin!
Trog accepts your kill.
No target in view!
No target in view!
No target in view!
No target in view!
No target in view!
No target in view!
No target in view!
No target in view!
No target in view!
No target in view!
No target in view!
No target in view!
No target in view!
You see here a +0 club {mace}.
e - a staff of air {forbidden!astaff} 😎 HP[+1]
Your hp is fully restored (47).
n - a poisoned dart {throwing} Key pressed, stopping explore.
o - a wand of digging (7) No target in view!
n - 2 poisoned darts {throwing} (gained 1) Edmund is nearby!
Edmund is nearby!
Edmund is nearby!
Okay, then.
A quokka comes into view.
Edmund shouts!
Edmund closely misses you.
You hit Edmund.
Edmund clears his throat.
Edmund hits you with a +6 flail of draining! 😕 HP[-10]
You take 10 damage, and now have 37/47 hp.
MASSIVE DAMAGE!! (PAUSE)
You slash Edmund!
Edmund hits you with a +6 flail of draining. 😮 HP[-3]
You take 3 damage, and now have 34/47 hp.
You hit Edmund. Edmund closely misses you.
You barely miss Edmund.
Edmund hits you with a +6 flail of draining! 😮 HP[-7]
You take 7 damage, and now have 27/47 hp.
You hit Edmund but do no damage.
Edmund hits you with a +6 flail of draining!
* * * LOW HITPOINT WARNING * * *
😨 HP[-8]
You take 8 damage, and now have 19/47 hp.
You hit Edmund.
Edmund hits you with a +6 flail of draining!
* * * LOW HITPOINT WARNING * * *
😱 HP[-8]
You take 8 damage, and now have 11/47 hp.
Unknown command.
Your skin crawls.
You feel strong-willed.
Edmund hits you with a +6 flail of draining!
* * * LOW HITPOINT WARNING * * *
😱 HP[-9]
You take 9 damage, and now have 2/47 hp.
Unknown command.
Unknown command.
Throw: 2 darts (poison) {throwing}
Press: ? - help, Shift-Dir - straight line, f/p - Edmund
Aim: Edmund, wielding a +6 flail of draining and wearing a +0 ring mail (severely wounded, 60% to hit)
Okay, then.
Okay, then.
You can't drink.
You slash Edmund!
Edmund hits you with a +6 flail of draining!
You die...

Skill      XL: |  1  2  3  4  5  6 |
---------------+-------------------+-----
Axes           | 3 4 5 6 |  6.0
Fighting       | |  3.0
Armour         | |  1.5
Dodging        | |  1.5

Action                   |  1- 3 |  4- 6 || total
-------------------------+-------+-------++-------
Melee: Hand axe          |    80 |   205 ||   285
       Punch             |     1 |     1 ||     2
Throw: Dart              |       |     2 ||     2
Invok: Trog's Hand       |       |     4 ||     4
  Use: Scroll            |     1 |     7 ||     8
 Stab: Sleeping          |       |     1 ||     1
Armor: Animal skin       |    19 |    34 ||    53
Dodge: Dodged            |    57 |    96 ||   153
Block: Other             |     3 |    32 ||    35

Levels and vault maps discovered:
D:1:      minmay_arrival_diagonal_passages, layout_rooms
D:2:      layout_rooms, uniq_jessica
D:3:      layout_basic, tgw_trog, minmay_large_rounded_square, uniq_ijyb,
          uniq_natasha
D:4:      layout_gridville, grunt_temple_overflow_open, serial_shops, shop,
          uniq_edmund

Notes
Turn   | Place    | Note
-------+----------+-------------------------------------------
     0 | D:1      | spaghetti the Mummy Berserker began the quest for the Orb.
     0 | D:1      | Reached XP level 1. HP: 18/18 MP: 1/1
     0 | D:1      | magus.rc [v1.9.6]
   124 | D:1      | Reached skill level 3 in Axes
   124 | D:1      | Reached XP level 2. HP: 17/24 MP: 2/2
   492 | D:2      | Noticed Jessica
   500 | D:2      | Killed Jessica
   501 | D:2      | Gained mutation: You are in touch with the powers of death.
                  | [Mummy growth]
   501 | D:2      | Reached XP level 3. HP: 18/29 MP: 3/3
   823 | D:2      | Reached ** piety under Trog
   824 | D:2      | Reached skill level 4 in Axes
   872 | D:2      | Reached XP level 4. HP: 35/35 MP: 4/4
  1252 | D:3      | Noticed Natasha
  1276 | D:3      | Killed Natasha
  1284 | D:3      | Noticed Natasha
  1291 | D:3      | Killed Natasha
  1346 | D:3      | Reached XP level 5. HP: 29/41 MP: 5/5
  1411 | D:3      | Reached skill level 5 in Axes
  1446 | D:3      | Noticed Ijyb
  1458 | D:3      | Killed Ijyb
  1703 | D:3      | Reached *** piety under Trog
  1778 | D:3      | Noticed Natasha
  1786 | D:3      | Killed Natasha
  1789 | D:3      | Noticed a moth of wrath
  1792 | D:3      | Found a bloodstained altar of Trog.
  2258 | D:4      | Reached XP level 6. HP: 27/47 MP: 6/6
  2322 | D:4      | Found a shadowy altar of Dithmenos.
  2325 | D:4      | Found a hide-covered altar of Uskayaw.
  2325 | D:4      | Found an opulent altar of Gozag.
  2328 | D:4      | Found a sacrificial altar of Ru.
  2351 | D:4      | You pick up a book of Frost {forbidden} and begin
                  | reading...
  2351 | D:4      | You add the spells Freeze, Frozen Ramparts and Hailstorm to
                  | your library.
  2377 | D:4      | Found Recek's Jewellery Emporium.
  2563 | D:4      | Reached skill level 6 in Axes
  2610 | D:4      | Noticed Edmund
  2633 | D:4      | HP: 10/47 [Edmund/+6 flail of draining (5)]
  2770 | D:4      | HP: 11/47 [Edmund/+6 flail of draining (8)]
  2771 | D:4      | HP: 2/47 [Edmund/+6 flail of draining (10)]
  2772 | D:4      | Mangled by Edmund

Vanquished Creatures
  A scorpion (D:4)
  Ijyb (D:3)
  Jessica (D:2)
  An iguana (D:4)
  Natasha (thrice) (D:3)
  3 adders
  4 gnolls (D:3)
  2 worms
  2 dart slugs
  3 ball pythons
  5 bats
  6 endoplasms
  3 giant cockroaches
  9 goblins
  4 hobgoblins
  4 jackals (D:3)
  4 kobolds
  6 quokkas
  3 frilled lizards
  6 rats
71 creatures vanquished.

Table legend:
 A = Non-vault XP
 B = Vault XP
 C = Vault XP percentage of total XP
 D = Non-vault monster count
 E = Vault monster count
 F = Vault count percentage of total count
                 A         B        C        D         E       F
            +---------+---------+-------+---------+---------+-------
      Total |     387 |     118 |  23.4 |      64 |       7 |   9.9
            +---------+---------+-------+---------+---------+-------
        D:1 |      19 |       0 |   0.0 |      11 |       0 |   0.0
        D:2 |      43 |      37 |  46.2 |      17 |       1 |   5.6
        D:3 |     178 |      81 |  31.3 |      27 |       6 |  18.2
        D:4 |     147 |       0 |   0.0 |       9 |       0 |   0.0
            +---------+---------+-------+---------+---------+-------

Illustrated notes

Table legend:
 A = Kills in this place as a percentage of kills in entire the game.
 B = Kills by you in this place as a percentage of kills by you in the entire game.
 C = Kills by friends in this place as a percentage of kills by friends in the entire game.
 D = Other kills in this place as a percentage of other kills in the entire game.
 E = Experience gained in this place as a percentage of experience gained in the entire game.
 F = Experience gained in this place divided by the number of levels of this place that you have seen.
                   A       B       C       D       E      F
               +-------+-------+-------+-------+-------+----------------------
         Total | 100.0 | 100.0 |   N/A |   N/A | 100.0 | 126.2
       Dungeon | 100.0 | 100.0 |   N/A |   N/A | 100.0 | 126.2
               +-------+-------+-------+-------+-------+----------------------

Table legend: (Time is in decaauts)
 A = Elapsed time spent in this place.
 B = Non-inter-level travel time spent in this place.
 C = Inter-level travel time spent in this place.
 D = Time resting spent in this place.
 E = Time spent auto-exploring this place.
 F = Levels seen in this place.
 G = Mean time per level.
                   A        B        C        D        E       F      G
               +--------+--------+--------+--------+--------+-----+--------+
         Total |   2791 |   2677 |    114 |      7 |   2054 |   4 |  697.8 |
       Dungeon |   2791 |   2677 |    114 |      7 |   2054 |   4 |  697.8 |
               +--------+--------+--------+--------+--------+-----+--------+

Top non-repeatable levels by time:
     D:3: 1092 daAuts
     D:2: 627 daAuts
     D:4: 584 daAuts
     D:1: 487 daAuts
